 Dungeon Crawl Stone Soup version 0.31-a0-455-g1a7b003ef0 (webtiles) character file.

Game seed: 11721206371246815988

186 kae the Ruffian (level 5, 0/40 HPs)
             Began as a Draconian Shapeshifter on Aug 3, 2023.
             Slain by an ogre
             ... wielding a +0 giant club
              (14 damage)
             ... on level 4 of the Dungeon.
             The game lasted 00:01:19 (2756 turns).

kae the Ruffian (Draconian Shapeshifter)            Turns: 2756, Time: 00:01:19

Health: 0/40       AC:  5    Str: 17    XL:     5   Next: 38%
Magic:  5/5        EV: 12    Int:  9    God:
Gold:   162        SH:  0    Dex: 19    Spells: 4/4 levels left

rFire   + .          .
                       - Unarmed
rCold   + . .        (no shield)
rNeg    . . .        (body armour unavailable)
rPois   +            (helmet currently unavailable)
rElec   +            (cloak currently unavailable)
rCorr   +            (gloves currently unavailable)
SInv    .            (boots currently unavailable)
Will    .....        (no amulet)
Stlth   ++           D - +6 ring of dexterity
HPRegen 0.26/turn    (no ring)
MPRegen 0.09/turn

%: no passive effects
@: mighty, brilliant, beast-form, resistant
A: beast (slay +3), AC +5, unfitting armour, cold-blooded
a: Begin Untransformation


You were on level 4 of the Dungeon.
You were a hulking beast.
You visited 1 branch of the dungeon, and saw 4 of its levels.

You collected 162 gold pieces.


Innate Abilities, Weirdness & Mutations

You are a hulking beast.
Your limbs bulge with bestial killing power. (Slay +3)
Your plain brown scales are hard. (AC +5)
You cannot fit into any form of body armour.
You are cold-blooded and may be slowed by cold attacks.


   Skills:
 - Level 1.1 Fighting
 - Level 1.7 Dodging
 + Level 4.8 Unarmed Combat
 + Level 4.3 Shapeshifting


You had 4 spell levels left.
You didn't know any spells.
Your spell library contained the following spells:

 Spells                   Type           Power      Damage    Failure   Level
 Stone Arrow              Conj/Erth      0%         3d7       77%         3
 Lehudib's Crystal Spear  Conj/Erth      0%         10d2      100%        8
 Animate Armour           Summ/Erth      Unusable   N/A       N/A         4

Inventory:

Missiles
 d - 40 stones
 k - 3 javelins
Jewellery
 D - a +6 ring of dexterity (left hand)
   (You found it on level 1 of the Dungeon)
Talismans
 b - a beast talisman (active)
Wands
 l - a wand of polymorph (10)
   (You found it on level 2 of the Dungeon)
 q - a wand of light (7)
   (You found it on level 3 of the Dungeon)
Scrolls
 g - 2 scrolls of blinking {!r}
 n - a scroll of enchant armour
Potions
 a - a potion of lignification {!q}
 c - a potion of haste {unknown}
 h - a potion of resistance
 j - 2 potions of curing {unknown}

Dungeon Overview and Level Annotations

Branches:
Dungeon (4/15) Zot: 21256
 Temple: D:4-7

Altars:
Okawaru

.###... ....... .#
.# . # .# .## ..
##.##.# #.# ..w
.....# .##
....#.#..# ###.#
....... ....#
#.O.# ##### #h# #
######## #.###.#
###......# #....<#
.......#.# #####.#
###.##.#.#######.#
# #.##...........#
#.####.#########
#.####.# #......#


You could see an ogre and a dart slug.


Message History

No target in view!
A ball python comes into view.
You punch the ball python!
You kill the ball python!
No target in view!
g - 3 scrolls labelled ZAOH ZEXTINLOTU (gained 1)
You now have 154 gold pieces (gained 5).
You see here a +0 great sword.
Key pressed, stopping explore.
No target in view!
No target in view!
A dart slug comes into view.
A dart slug is nearby!
A dart slug is nearby!
The dart slug bites you but does no damage.
You hit the dart slug.
A dart slug is nearby!
You barely miss the dart slug. You punch the dart slug.
You kill the dart slug!
No target in view!
Done exploring.
Done exploring.
Unknown command.
Done exploring.
Unknown command.
Done exploring.
Done exploring.
No target in view!
No target in view!
(D) Dungeon
Where to? (Enter - D:3, ? - help)
There is a stone staircase leading down here.
You climb downwards.
There is a stone staircase leading up here.
As you read the scroll labelled CEETHR GUXOU, it crumbles to dust.
Magic quickly surges around you.
It was a scroll of vulnerability.
Unknown command.
As you read the scroll labelled DOIFRAU QIUTU, it crumbles to dust.
You feel strangely unstable.
It was a scroll of teleportation.
As you read the scroll labelled ENEIXUUZYB, it crumbles to dust.
It is a scroll of identify.
n - a scroll of enchant armour You climb upwards.
Your surroundings suddenly seem different.
Unknown command.
As you read the scroll labelled NIDAUDUU GAOSO, it dissolves into smoke.
It was a scroll of fog.
Unknown command.
As you read the scroll labelled WAMUSSYZXI, it crumbles to dust.
You hear a loud clanging noise!
It was a scroll of noise.
Unknown command.
Blink to where?
Press: ? - help, Dir - move target, f - you Are you sure you want to cancel this blink?
Okay, then.
As you read the scroll labelled ZAOH ZEXTINLOTU, it crumbles to dust.
It was a scroll of blinking.
(D) Dungeon
Where to? (Enter - D:4, ? - help)
There is a stone staircase leading down here.
You climb downwards.
There is a stone staircase leading up here.
A giant cockroach comes into view.
You feel your willpower return.
A giant cockroach is nearby!
A giant cockroach is nearby!
The giant cockroach barely misses you.
You punch the giant cockroach!
You kill the giant cockroach!
You see here a giant cockroach corpse.
You now have 162 gold pieces (gained 8).
There is a stone staircase leading up here.
An ogre comes into view. It is wielding a +0 giant club.
The ogre shouts!
You hit the ogre.
The ogre hits you with a +0 giant club!!
Ouch! That really hurt!
* * * LOW HITPOINT WARNING * * *
You are too injured to fight recklessly! 😨 HP[-23]
You take 23 damage, and now have 17/40 hp.
MASSIVE DAMAGE!! (PAUSE) It was a potion of brilliance.
You feel clever all of a sudden. The ogre hits you with a +0 giant club.
* * * LOW HITPOINT WARNING * * *
😨 HP[-4]
You take 4 damage, and now have 13/40 hp.
It was a potion of resistance.
You feel protected.
It was a potion of might.
You feel very mighty all of a sudden. The ogre barely misses you.
A dart slug comes into view. 😨 HP[+1]
You punch the ogre! You tail-slap the ogre! You completely miss the ogre.
The ogre hits you with a +0 giant club!
You die...

Skill      XL: |  1  2  3  4 |
---------------+-------------+-----
Unarmed Combat | 4 |  4.8
Shapeshifting  | 4 |  4.3
Fighting       | |  1.1
Dodging        | |  1.7

Action                     |  1- 3 |  4- 6 || total
---------------------------+-------+-------++-------
  Melee: Unarmed           |    82 |    99 ||   181
         Tailslap          |    11 |     8 ||    19
         Punch             |     2 |     3 ||     5
    Use: Scroll            |       |     6 ||     6
         Potion            |       |     3 ||     3
   Stab: Sleeping          |       |     4 ||     4
 Armour: Skin              |    12 |    29 ||    41
  Dodge: Dodged            |    54 |    53 ||   107

Levels and vault maps discovered:
D:1:      dpeg_arrival_arbitrary_a, layout_basic, nicolae_figureground_pulse
D:2:      layout_loops_ring, dreamdust_ecumenical_altar_grove,
          grunt_decor_mini_mirrors
D:3:      layout_loops_ring, lemuel_coloured_pillars_altar, grunt_decor_clamped,
          minmay_cut_off
D:4:      minmay_octagon_keep, layout_loops_cross, kennysheep_mini,
          temple_pool_b

Notes
Turn   | Place    | Note
-------+----------+-------------------------------------------
     0 | D:1      | kae the Draconian Shapeshifter began the quest for the Orb.
     0 | D:1      | Reached XP level 1. HP: 16/16 MP: 1/1
     0 | D:1      | magus.rc [v1.11.3]
   135 | D:1      | Reached XP level 2. HP: 22/23 MP: 2/2
   606 | D:1      | Reached XP level 3. HP: 26/28 MP: 3/3
  1115 | D:2      | Reached skill level 4 in Unarmed Combat
  1233 | D:2      | Reached XP level 4. HP: 35/35 MP: 4/4
  1246 | D:2      | Found a faded altar of an unknown god.
  1829 | D:3      | You pick up a book of Armaments and begin reading...
  1829 | D:3      | You add the spells Stone Arrow and Lehudib's Crystal Spear
                  | to your library.
  2027 | D:3      | Reached skill level 4 in Shapeshifting
  2056 | D:3      | Reached XP level 5. HP: 28/40 MP: 5/5
  2369 | D:3      | Found an iron altar of Okawaru.
  2750 | D:4      | Noticed an ogre
  2756 | D:4      | Slain by an ogre

Vanquished Creatures
  2 orc wizards (D:3)
  3 gnolls (D:2)
  2 adders
  3 dart slugs
  8 orcs (D:3)
  9 ball pythons
  9 endoplasms
  A giant cockroach (D:4)
  5 goblins
  9 hobgoblins
  2 jackals (D:3)
  7 kobolds
  2 quokkas (D:1)
  4 bats
  5 frilled lizards
  A rat (D:1)
72 creatures vanquished.

Table legend:
 A = Non-vault XP
 B = Vault XP
 C = Vault XP percentage of total XP
 D = Non-vault monster count
 E = Vault monster count
 F = Vault count percentage of total count
                 A         B        C        D         E       F
            +---------+---------+-------+---------+---------+-------
      Total |     261 |       5 |   1.9 |      69 |       3 |   4.2
            +---------+---------+-------+---------+---------+-------
        D:1 |      45 |       0 |   0.0 |      24 |       0 |   0.0
        D:2 |      72 |       0 |   0.0 |      15 |       0 |   0.0
        D:3 |     142 |       5 |   3.4 |      29 |       3 |   9.4
        D:4 |       2 |       0 |   0.0 |       1 |       0 |   0.0
            +---------+---------+-------+---------+---------+-------

Skill      XL: |  1  2  3  4 |
---------------+-------------+-----
Unarmed Combat | 4 |  4.8
Shapeshifting  | 4 |  4.3
Fighting       | |  1.1
Dodging        | |  1.7

Action                     |  1- 3 |  4- 6 || total
---------------------------+-------+-------++-------
  Melee: Unarmed           |    82 |    99 ||   181
         Tailslap          |    11 |     8 ||    19
         Punch             |     2 |     3 ||     5
    Use: Scroll            |       |     6 ||     6
         Potion            |       |     3 ||     3
   Stab: Sleeping          |       |     4 ||     4
 Armour: Skin              |    12 |    29 ||    41
  Dodge: Dodged            |    54 |    53 ||   107

Illustrated notes

Table legend:
 A = Kills in this place as a percentage of kills in the entire game.
 B = Kills by you in this place as a percentage of kills by you in the entire game.
 C = Kills by friends in this place as a percentage of kills by friends in the entire game.
 D = Other kills in this place as a percentage of other kills in the entire game.
 E = Experience gained in this place as a percentage of experience gained in the entire game.
 F = Experience gained in this place divided by the number of levels of this place that you have seen.
                   A       B       C       D       E      F
               +-------+-------+-------+-------+-------+----------------------
         Total | 100.0 | 100.0 |   N/A |   N/A | 100.0 |  66.5
       Dungeon | 100.0 | 100.0 |   N/A |   N/A | 100.0 |  66.5
               +-------+-------+-------+-------+-------+----------------------

Table legend: (Time is in decaauts)
 A = Elapsed time spent in this place.
 B = Non-inter-level travel time spent in this place.
 C = Inter-level travel time spent in this place.
 D = Time resting spent in this place.
 E = Time spent auto-exploring this place.
 F = Levels seen in this place.
 G = Mean time per level.
                   A        B        C        D        E       F      G
               +--------+--------+--------+--------+--------+-----+--------+
         Total |   2742 |   2642 |    100 |      0 |   2256 |   4 |  685.5 |
       Dungeon |   2742 |   2642 |    100 |      0 |   2256 |   4 |  685.5 |
               +--------+--------+--------+--------+--------+-----+--------+

Top non-repeatable levels by time:
     D:3: 1057 daAuts
     D:1: 934 daAuts
     D:2: 697 daAuts
     D:4: 53 daAuts
